[Event "*** Titled Tuesday 3|2 Blitz"]
[Site "Chess.com"]
[Date "2015.12.01"]
[Round "7"]
[White "GeorgMeier"]
[Black "KNVB"]
[Result "1-0"]
[WhiteElo "2628"]
[BlackElo "2359"]
[TimeControl "180+2"]
[EndTime "12:31:01 PST"]
[Termination "GeorgMeier won by resignation"]

1. Nf3 Nf6 2. g3 b6 3. Bg2 Bb7 4. O-O c5 5. c4 e6 6. Nc3 a6 7. d4 cxd4 8. Qxd4 d6 9. Bg5 Nbd7 10. Qd2 Qc7 11. b3 Be7 12. Rfd1 O-O 13. Bf4 Ne8 14. Rac1 Rd8 15. Qe3 Qb8 16. Nd5 Bxd5 17. cxd5 e5 18. Bh3 exf4 19. Qxe7 Nef6 20. Rc6 fxg3 21. hxg3 Nc5 22.
Qc7 Nce4 23. Qxb6 Qxb6 24. Rxb6 Nc3 25. Rd2 a5 26. Ra6 Ra8 27. Rxa8 Rxa8 28. Nd4 Ncxd5 29. Nb5 Nb4 30. a3 Na6 31. Nxd6 Rb8 32. Nc4 g6 33.
Nxa5 Nc5 34. b4 Nce4 35. Rc2 Kg7 36. Bg2 Nd6 37. Bc6 Ng4 38. Rd2 Nf5 39. Bd7 Rd8 40. Nc6 Ra8 41. Bxf5 gxf5 42. Rd3 Nf6 43. Ne7 Ne4 44.
Nxf5+ Kf6 45. Nd6 Ng5 46. b5 Ne6 47. b6 Nc5 48. Rc3 Na4 49. b7 1-0

[Event "*** Titled Tuesday 3|2 Blitz"]
[Site "Chess.com"]
[Date "2015.12.01"]
[Round "7"]
[White "AndroQueen"]
[Black "olomi007"]
[Result "1-0"]
[WhiteElo "2308"]
[BlackElo "2421"]
[TimeControl "180+2"]
[EndTime "12:31:01 PST"]
[Termination "AndroQueen won by resignation"]

1. e4 c5 2. Nf3 e6 3. d4 cxd4 4. Nxd4 Nf6 5. Nc3 d6 6. f4 a6 7. Qf3 Qb6 8. Nb3 Qc7 9. Be3 b5 10. a3 Bb7 11. O-O-O Nbd7 12. g4 Nb6 13. g5 Nfd7 14.
Qh3 Na4 15. g6 Nxc3 16. gxf7+ Kxf7 17. bxc3 Bxe4 18. Bg2 Bf5 19. Qh5+ g6 20. Qe2 Rc8 21. Bd4 Bg7 22. Bxg7 Kxg7 23. Be4 Rhe8 24. Rd3 Nc5 25. Nxc5 Qxc5 26. Kb2 a5 27. Bxf5 exf5 28. Qd2 b4 29. cxb4 axb4 30. axb4 Qc6 31. Rd1 Re4 32. Rd4 Kf7 33. Rxe4 fxe4 34. c3 Ke6 35. f5+ gxf5 36. Qh6+ Kd7 37. Qxh7+ Kd8 38. Qh8+ Kc7 39. Qd4 Kb7 40.
Ra1 Ra8 41. Qg7+ Kb6 42. Qd4+ Kb5 43. Rxa8 Qxa8 44. Qxd6 Qc6 45. Qe5+ Kb6 46. Qxf5 Qe8 47. Qc5+ Kb7 48. Qe3 Qe5 49. Kb3 Qe6+ 50. c4 Qf5 51. Kc3 Qe5+ 52. Qd4 Qf4 53. Qd5+ Kb8 54. Qd8+ Kb7 55.
Qd5+ Kb8 56. Qg8+ Kb7 57. Qg7+ Kb8 58. Qg3 1-0

[Event "*** Titled Tuesday 3|2 Blitz"]
[Site "Chess.com"]
[Date "2015.12.01"]
[Round "7"]
[White "Rickstereo"]
[Black "chessbia"]
[Result "1-0"]
[WhiteElo "2221"]
[BlackElo "2057"]
[TimeControl "180+2"]
[EndTime "12:31:06 PST"]
[Termination "Rickstereo won by resignation"]

1. c4 c6 2. g3 d5 3. Bg2 e6 4.
Nf3 Nf6 5. b3 Be7 6. O-O O-O 7.
Bb2 Nbd7 8. d3 h6 9. Nbd2 a5 10. a3 e5 11. cxd5 cxd5 12. Nxe5 Nxe5 13. Bxe5 b5 14. a4 b4 15. Rc1 Be6 16. Nf3 Rc8 17.
Qd2 Qd7 18. Qb2 Rxc1 19. Rxc1 Rc8 20. Nd4 Rxc1+ 21. Qxc1 Bd6 22. Bxf6 gxf6 23. Qxh6 Be5 24. Nf3 Bb2 25. d4 Qc7 26. Qxf6 Qc1+ 27. Bf1 Bh3 28.
Qd8+ Kg7 29. Qg5+ Qxg5 30. Nxg5 Bf5 31. e4 dxe4 32. d5 Bf6 33. h4 e3 34. fxe3 Bc2 35.
Bc4 Be5 36. Kf2 f6 37. Nf3 Kg6 38. Nxe5+ fxe5 39. g4 Kf6 40. Kg3 Bh7 41. g5+ Kf5 42. Bd3+ e4 43. Bxe4+ Kxe4 44. d6 Bf5 45. g6 Ke5 46. g7 Be6 47. d7 Bxb3 48. d8=Q 1-0

[Event "*** Titled Tuesday 3|2 Blitz"]
[Site "Chess.com"]
[Date "2015.12.01"]
[Round "7"]
[White "Fandorine"]
[Black "LyonBeast"]
[Result "0-1"]
[WhiteElo "2575"]
[BlackElo "2743"]
[TimeControl "180+2"]
[EndTime "12:31:08 PST"]
[Termination "LyonBeast won on time"]

1. e4 c5 2. b3 g6 3. Bb2 Nf6 4. h4 Bg7 5. e5 Nd5 6. h5 Nc6 7. Nf3 d6 8. Bb5 Bg4 9. h6 Bxe5 10. Nxe5 Bxd1 11. Nxc6 Qb6 12. Nxa7+ Kd8 13. Bxh8 Bxc2 14.
Bc4 Bxb1 15. Rxb1 Nf4 16. Nb5 d5 17. Bf1 Qe6+ 18. Kd1 f6 19. a4 Qf5 20. Rc1 Nd3 21.
Bxd3 Qxd3 22. Rh3 Qf1+ 23. Kc2 Qxg2 24. Rc3 b6 25. d4 Qxf2+ 26. Kb1 c4 27. Bg7 cxb3 28.
Rxb3 Rxa4 29. Nc3 Rc4 30. Rb5 Rxd4 31. Rxb6 Kd7 32. Rb7+ Ke6 33. Bf8 Kf5 34. Bxe7 Kg5 35. Rb6 Kg4 36. Bxf6 Rd3 37. Rb4+ d4 38. Nd5 Qf5 39.
Rb5 Rb3+ 40. Ka1 Rxb5 41. Rg1+ Kh3 0-1

[Event "*** Titled Tuesday 3|2 Blitz"]
[Site "Chess.com"]
[Date "2015.12.01"]
[Round "7"]
[White "Makalexa"]
[Black "ilmago"]
[Result "0-1"]
[WhiteElo "2027"]
[BlackElo "1914"]
[TimeControl "180+2"]
[EndTime "12:31:09 PST"]
[Termination "ilmago won by checkmate"]

1. e4 c5 2. Nf3 d6 3. Bc4 e6 4. d4 cxd4 5. Qxd4 Nc6 6. Qd1 Nf6 7. Nc3 Be7 8. Bf4 O-O 9. O-O a6 10. a4 Qc7 11. Re1 Na5 12. Ba2 Nc4 13. Qe2 Nxb2 14. Bd2 Bd7 15. Bb3 Rfc8 16. e5 dxe5 17. Nxe5 Bb4 18.
Ne4 Bxd2 19. Qxd2 Qxe5 20. Nxf6+ Qxf6 21. Qxd7 Nc4 22. Qxb7 Nd6 23. Qb4 Rd8 24. Rad1 Qg5 25. g3 Nf5 26. Rxd8+ Qxd8 27. Qe4 Nd6 28. Qg4 Qc7 29.
h4 Rc8 30. h5 Qc3 31. h6 Qxe1+ 32. Kh2 Qc3 33. f4 Nf5 34. Qg5 Qd2+ 35. Kh3 Qe3 36.
hxg7 Nxg7 37. Kg4 Qe2+ 38. Kh4 Qh2+ 39. Kg4 Qe2+ 40. Kh4 h6 41. Qf6 Qh2+ 42. Kg4 Qh5# 0-1

[Event "*** Titled Tuesday 3|2 Blitz"]
[Site "Chess.com"]
[Date "2015.12.01"]
[Round "7"]
[White "swayamsm"]
[Black "Gergo85"]
[Result "1/2-1/2"]
[WhiteElo "2449"]
[BlackElo "2355"]
[TimeControl "180+2"]
[EndTime "12:31:19 PST"]
[Termination "Game drawn by agreement"]

1. d4 d5 2. c4 dxc4 3. Nf3 a6 4. a4 Nf6 5. e3 Bg4 6. Bxc4 e6 7. O-O Nc6 8. h3 Bh5 9. Be2 Bd6 10. Nc3 O-O 11. Kh1 Qe8 12. e4 Bxf3 13. Bxf3 Rd8 14. Be3 Bc5 15. e5 Nxe5 16. Bxb7 Nc6 17. Ne2 Nxd4 18.
Nxd4 Bxd4 19. Bxd4 e5 20. Bxa6 Rxd4 21. Qc2 Qd7 22. a5 Ne4 23. Bb7 Nd2 24. Rfe1 Rc4 25. Qd1 Rd4 26. Qe2 Nb3 27. Ra3 Nc5 28. a6 Nxb7 29.
axb7 Rb4 30. Ra7 Qd4 31. Qe3 Qxe3 32. Rxe3 Rb8 33. Rxe5 g6 34. Re7 R4xb7 35. Rxc7 Rxa7 36. Rxa7 Rxb2 37. f3 h5 38. Kh2 Kg7 39. h4 Kf6 40. Kg3 Rb4 41. Ra6+ Kg7 42. Ra5 Rc4 43. Kh3 Rb4 44.
Ra3 Rc4 45. g4 hxg4+ 46. fxg4 Rb4 47. Kg3 Rc4 48. Rf3 Rb4 49. Rf4 Rb3+ 50. Rf3 Rb4 51.
Re3 Rc4 52. Kf3 Rb4 53. Re4 Rxe4 54. Kxe4 f5+ 55. gxf5 gxf5+ 56. Kxf5 Kh6 1/2-1/2

[Event "*** Titled Tuesday 3|2 Blitz"]
[Site "Chess.com"]
[Date "2015.12.01"]
[Round "7"]
[White "GMharikrishna"]
[Black "pKiLz5Rn9b"]
[Result "1-0"]
[WhiteElo "2552"]
[BlackElo "2467"]
[TimeControl "180+2"]
[EndTime "12:31:27 PST"]
[Termination "GMharikrishna won by resignation"]

1. e4 e6 2. d4 d5 3. Nd2 Nf6 4.
Bd3 Be7 5. Ngf3 c5 6. exd5 exd5 7.
dxc5 O-O 8. Nb3 Nbd7 9. Be3 Qc7 10. Bd4 Ne4 11. O-O Ndxc5 12. Nxc5 Bxc5 13. h3 Bf5 14. c3 Bg6 15. Bxc5 Qxc5 16. Nd4 Rac8 17. Re1 Qb6 18. Qb3 Qxb3 19. axb3 a6 20. Red1 Rfd8 21. b4 Nd6 22. Be2 Nc4 23. Ra2 Kf8 24. Rda1 Ke7 25. b5 axb5 26. Nxb5 Nd6 27. Nd4 Nf5 28. Bg4 Kf6 29. Bxf5 Bxf5 30. Ra7 Rc7 31. R1a5 Bc8 32. f3 h5 33. Rb5 g5 34. Rb6+ Kg7 35. Kf2 h4 36. Ra5 f6 37. Rbb5 Re7 38. Rxd5 Rde8 39. Ra1 Kf7 40. Rda5 Be6 41. Re1 Bc4 42. Rxe7+ Rxe7 43. Ra1 b5 44. b3 Bd5 45. Ra5 Rb7 46. Nxb5 Ke7 47. c4 Bc6 48. Nd4 Bd7 49. Ke3 Rb8 50. Ra7 Kd6 51. c5+ 1-0

[Event "*** Titled Tuesday 3|2 Blitz"]
[Site "Chess.com"]
[Date "2015.12.01"]
[Round "7"]
[White "MateusViageiro"]
[Black "chessloveyou"]
[Result "0-1"]
[WhiteElo "2262"]
[BlackElo "2144"]
[TimeControl "180+2"]
[EndTime "12:31:30 PST"]
[Termination "chessloveyou won on time"]

1. e4 c6 2. d4 d5 3. Nc3 dxe4 4. Nxe4 Nf6 5. Nxf6+ gxf6 6. c3 Bg7 7. Nf3 Bg4 8.
h3 Bh5 9. Be2 Nd7 10. Bf4 e5 11.
Be3 O-O 12. Qd2 e4 13. Nh4 Bg6 14. g4 Qa5 15. Bh6 Bxh6 16. Qxh6 Qg5 17. Qxg5 fxg5 18. Ng2 Nb6 19. Ne3 Nd5 20. Bc4 Nxe3 21. fxe3 Kg7 22. h4 gxh4 23. Rxh4 f5 24. gxf5 Rxf5 25. O-O-O Rf3 26.
Re1 Raf8 27. Bb3 Rf1 28. Rh1 Rxh1 29. Rxh1 Rf3 30. Re1 Rf2 31. Bd1 h5 32. Rg1 Kh6 33. c4 Bf5 34. d5 cxd5 35. cxd5 h4 36. d6 h3 37. Rg8 h2 38. Rh8+ Kg5 39. Rh5+ Kf6 40.
Rh6+ Ke5 41. a4 Be6 42. b4 Kxd6 43. b5 Kc5 44. Rh5+ Kb4 45. Rh4 Kc3 46. Rh5 Bc4 47.
Rh4 b6 48. Rh6 Ra2 49. Bc2 Rxc2+ 0-1

[Event "*** Titled Tuesday 3|2 Blitz"]
[Site "Chess.com"]
[Date "2015.12.01"]
[Round "7"]
[White "HansCoolNiemann"]
[Black "GianmarcoVaR"]
[Result "0-1"]
[WhiteElo "2175"]
[BlackElo "2297"]
[TimeControl "180+2"]
[EndTime "12:31:47 PST"]
[Termination "GianmarcoVaR won by checkmate"]

1. d4 g6 2. e4 Bg7 3. Nc3 c6 4. f4 d5 5. e5 h5 6. Bd3 Nh6 7. Nf3 Bf5 8. Ne2 e6 9. O-O Bf8 10.
Ng5 Nd7 11. Ng3 Bxd3 12. Qxd3 Be7 13. h4 Bxg5 14. fxg5 Nf5 15. Nxf5 exf5 16. Bf4 Nf8 17. e6 Nxe6 18. Be5 O-O 19. Rae1 Re8 20. Rf2 Nf8 21.
Ref1 Re6 22. Qd2 Qb6 23. c3 Rae8 24. g4 hxg4 25. h5 gxh5 26. Rxf5 Rxe5 27. Rxf7 R5e6 28. Qf2 Qd8 29. Qf5 Qd6 30. Rxb7 R6e7 31. Rxe7 Qxe7 32. g6 Qe3+ 33. Rf2 Qg3+ 34. Kf1 Qh3+ 35. Rg2 Qf3+ 36.
Qxf3 gxf3 37. Rg3 Re2 38. Rxf3 Rxb2 39. Rf6 Rb6 40. Kg2 c5 41. Rf5 cxd4 42. cxd4 Rxg6+ 43. Kf3 Rd6 44. Rxh5 Kf7 45. Ke3 Ke7 46. Kd3 Kd8 47.
Rh8 Ke7 48. Rh5 Nd7 49. Rh7+ Kd8 50. Kc3 Rc6+ 51. Kb4 Rc4+ 52. Kb5 Kc7 53. Rh6 Rxd4 54. Rc6+ Kb7 55. Rd6 Nb6 56. Rh6 a6+ 57. Kc5 Rc4+ 58.
Kd6 Rc6+ 59. Ke5 Rxh6 60. Kd4 Rh4+ 61. Kc3 Kc6 62. Kb3 Kc5 63. a4 d4 64. a5 Nc4 65.
Ka4 d3 66. Kb3 d2 67. Kc2 Rh1 68. Kc3 Rc1+ 69. Kb3 d1=Q+ 70. Ka2 Ra1# 0-1

[Event "*** Titled Tuesday 3|2 Blitz"]
[Site "Chess.com"]
[Date "2015.12.01"]
[Round "7"]
[White "AndrewMcStone"]
[Black "DaPazz"]
[Result "1-0"]
[WhiteElo "1996"]
[BlackElo "1816"]
[TimeControl "180+2"]
[EndTime "12:32:06 PST"]
[Termination "AndrewMcStone won on time"]

1. d4 d5 2. c4 e6 3. Nc3 Nf6 4. cxd5 exd5 5. Bg5 Be7 6. e3 O-O 7. Bd3 c6 8. Qc2 Nbd7 9. Nge2 Re8 10. f3 h6 11. Bh4 b5 12. O-O b4 13. Na4 Bb7 14. Rac1 Nf8 15. Nc5 Bxc5 16. Qxc5 a5 17. Bf2 Ne6 18. Qc2 a4 19. Kh1 Qb6 20. e4 Rec8 21.
e5 Nd7 22. f4 Ba6 23. f5 Bxd3 24. Qxd3 Ng5 25. f6 Ne4 26. Be3 g5 27. Ng3 Nf8 28. Nxe4 dxe4 29. Qxe4 Ne6 30. h4 Qb5 31. hxg5 hxg5 32.
Rf5 Qe2 33. Qf3 Qxf3 34. Rxf3 Kh7 35. Rc4 Kg6 36. Kg1 b3 37. a3 Rh8 38. Rxc6 Rac8 39. Rxc8 Rxc8 40. Rf1 Rc2 41. Rb1 Nc7 42. Rc1 Rxc1+ 43. Bxc1 Nd5 44. Kf2 Kf5 45. Kf3 g4+ 46. Kf2 Ke4 47. Bg5 Nc7 48. Be3 Ne6 49. Ke2 g3 50. Bg1 Nf4+ 51. Kd2 Ne6 52. Kc3 1-0

[Event "*** Titled Tuesday 3|2 Blitz"]
[Site "Chess.com"]
[Date "2015.12.01"]
[Round "7"]
[White "Herman-NY"]
[Black "LADIESGET2KNOWME"]
[Result "0-1"]
[WhiteElo "2170"]
[BlackElo "2236"]
[TimeControl "180+2"]
[EndTime "12:32:07 PST"]
[Termination "LADIESGET2KNOWME won by resignation"]

1. e4 e6 2. d4 d5 3. Nd2 Nf6 4. e5 Nfd7 5. Bd3 c5 6. c3 Nc6 7.
Ne2 cxd4 8. cxd4 f6 9. exf6 Nxf6 10. Nf3 Bd6 11. O-O O-O 12. Ng3 Bd7 13. Bg5 h6 14. Bd2 Be8 15. Bc3 Nh5 16. Ne5 Nf4 17. Re1 Nxe5 18. dxe5 Bc5 19. Nh1 Bh5 20. Qc2 Qg5 21. Ng3 Nxd3 22. Qxd3 Bxf2+ 23. Kh1 Bxe1 24. Rxe1 Rf2 25.
Bd4 Bg6 26. Qb5 Rf7 27. Be3 Qxe5 28. Bd2 Qf6 29. Bc3 d4 30. Rf1 Qd8 31. Rxf7 Bxf7 32. Bd2 Qd5 33. Qb4 Be8 34. Ne2 Bc6 35. Nf4 Qb5 36.
Qxd4 Qf1+ 37. Qg1 Qxg1+ 38. Kxg1 e5 39. Ne2 Rd8 40. Bc3 e4 41. Kf2 Rf8+ 42. Ke3 Rf1 43.
Nf4 Ra1 44. a3 Rd1 45. h4 Kf7 46. h5 Rh1 47. Bd4 a6 48. Bc3 Bd7 49. Kxe4 Bg4 50.
Kd5 Bxh5 51. Kd6 Bg6 52. Nxg6 Kxg6 53. Kc7 b5 54. Kb6 Rg1 55. Kxa6 Rxg2 56. Kxb5 h5 57. a4 h4 58. a5 h3 59. a6 h2 60. a7 h1=Q 61. a8=Q Rg5+ 0-1

[Event "*** Titled Tuesday 3|2 Blitz"]
[Site "Chess.com"]
[Date "2015.12.01"]
[Round "7"]
[White "E-Shaposhnikov"]
[Black "Zvonokchess"]
[Result "0-1"]
[WhiteElo "2487"]
[BlackElo "2544"]
[TimeControl "180+2"]
[EndTime "12:32:34 PST"]
[Termination "Zvonokchess won by resignation"]

1. e4 d5 2. exd5 Qxd5 3. d4 Nc6 4. Be3 e5 5. c4 Qa5+ 6. Bd2 Bb4 7. d5 Nd4 8. Nc3 Bf5 9. Rc1 Nf6 10. a3 Be7 11. Nf3 O-O 12. Na4 Nxf3+ 13. gxf3 Qa6 14. c5 Bd3 15.
Bxd3 Qxd3 16. Bg5 Qxd5 17. Bxf6 Qxd1+ 18. Rxd1 Bxf6 19. Rd7 Rac8 20. Ke2 Rfd8 21. Rhd1 Rxd7 22. Rxd7 Kf8 23. c6 bxc6 24. Rd3 Rd8 25. Rc3 Rd6 26. Rb3 Bg5 27. Rb8+ Ke7 28. Rb7 Rd2+ 29. Ke1 Kd6 30. Rxa7 Rc2 31. Ra8 Bh4 32. Nc3 Rxb2 33.
Kd1 f5 34. Rh8 Bxf2 35. Rxh7 Bd4 36. Ne2 Rb3 37. Rxg7 Rxf3 38. h4 Rxa3 39. h5 Rh3 40.
Ng3 f4 41. Ne4+ Kd5 42. Nf6+ Ke6 43. Rg6 Kf5 44. Ke2 e4 45. Ng4 Rxh5 46. Rg8 f3+ 47. Kd2 c5 48. Ke1 c4 49. Kd2 c3+ 50. Kc2 f2 51.
Nxf2 Bxf2 52. Rf8+ Kg4 53. Rxf2 e3 54. Rf8 Re5 55.
Rg8+ Kf3 56. Rf8+ Kg2 57. Rg8+ Kf1 58. Rf8+ Ke1 59. Kxc3 e2 60. Kc2 Rc5+ 61. Kb2 Kd2 62. Rd8+ Ke3 63. Re8+ Kd3 64. Kb3 Rb5+ 65. Ka4 Rb1 0-1

[Event "*** Titled Tuesday 3|2 Blitz"]
[Site "Chess.com"]
[Date "2015.12.01"]
[Round "7"]
[White "DeviatkinAndrey"]
[Black "MinhGTrAn"]
[Result "1-0"]
[WhiteElo "2530"]
[BlackElo "2603"]
[TimeControl "180+2"]
[EndTime "12:32:43 PST"]
[Termination "DeviatkinAndrey won by resignation"]

1. e4 c5 2. c3 Nf6 3. e5 Nd5 4. d4 cxd4 5. Qxd4 e6 6. Bd3 Nc6 7.
Qe4 d6 8. exd6 Bxd6 9. Nf3 Nf6 10. Qh4 h6 11. Bc2 e5 12. Nbd2 Be6 13. O-O O-O 14. Re1 Ng4 15. Qxd8 Raxd8 16. Ne4 Be7 17. h3 Nf6 18. Nxf6+ Bxf6 19. Be3 Rd7 20. Be4 Rfd8 21. Bc5 Bd5 22. b4 b6 23. b5 Na5 24. Bb4 Nc4 25. Rad1 Be6 26. Rxd7 Rxd7 27. a4 g6 28. g4 Bg7 29. Bc2 Bd5 30. Be4 Be6 31. Bc2 Rd8 32.
Kg2 Bd5 33. Be4 Be6 34. Bc2 Nb2 35. Nxe5 Rd2 36. Bb1 Bd5+ 37. Kg3 Nxa4 38. c4 Rb2 39. Nd3 Bxc4 40. Re8+ Kh7 41. Nxb2 Bxb5 42. Ra8 Nxb2 43. Rxa7 Bc4 44. h4 Nd3 45. Bxd3 Bxd3 46. Rxf7 Kg8 47.
Rb7 b5 48. f3 g5 49. h5 Be5+ 50. Kf2 Bd4+ 51. Kg2 Bc4 52. Be1 Be3 53. Bf2 Bf4 54. Bd4 Bd6 55. Rg7+ Kf8 56. Rh7 b4 57. Rxh6 Ke7 58.
Rh7+ Bf7 59. Rh8 b3 60. h6 Bg6 61. Rg8 Bc2 62. h7 Bxh7 63. Rg7+ Ke6 64. Rxh7 Kd5 65. Bb2 Kc4 66. Rb7 Bb4 67. Kf2 1-0

[Event "*** Titled Tuesday 3|2 Blitz"]
[Site "Chess.com"]
[Date "2015.12.01"]
[Round "7"]
[White "bugsbunny444"]
[Black "rikyshi"]
[Result "1-0"]
[WhiteElo "2352"]
[BlackElo "2134"]
[TimeControl "180+2"]
[EndTime "12:33:03 PST"]
[Termination "bugsbunny444 won by resignation"]

1. Nf3 d5 2. c4 c6 3. g3 Nf6 4.
Bg2 Bf5 5. cxd5 cxd5 6. Qb3 Qb6 7.
Nc3 e6 8. d3 Nc6 9. O-O Bd6 10.
Nb5 Bb8 11. Be3 Qd8 12. Nbd4 Nxd4 13. Nxd4 Qd7 14. Nxf5 exf5 15. Bd4 O-O 16. Bxf6 gxf6 17. Qxd5 Qxd5 18. Bxd5 Be5 19. Rac1 Rac8 20. b3 b5 21. a4 b4 22. e3 Bc3 23. d4 Kg7 24. Kg2 a5 25.
Kf3 Rfd8 26. Bc4 h6 27. Bd3 Rc7 28. Bxf5 Rd6 29. Bd3 Rcd7 30. Rc2 Rd8 31. h4 R8d7 32. Rh1 Rd8 33. h5 Rd5 34. Rh4 f5 35. Rf4 Kf6 36. g4 Kg5 37. Rxf5+ Rxf5+ 38. Bxf5 Rd6 39. Kg3 Kf6 40.
f4 Kg7 41. Kf3 f6 42. Rc1 Kf8 43. Ke4 Rd8 44. Kd3 Re8 45. d5 Ke7 46. e4 Kd6 47.
Rg1 Rg8 48. Rg2 Kc5 49. Bg6 Rg7 50. g5 fxg5 51. fxg5 hxg5 52. Rxg5 Bb2 53. Rf5 Bc1 54. Rf7 Rg8 55. Rc7+ Kd6 56. Rxc1 Rf8 57. Kd4 Rf4 58. Rc6+ Kd7 59. Ra6 Rf3 60. Rxa5 Rxb3 61. Ra7+ Kd8 62. Kc4 Rb1 63. Rb7 b3 64. Rxb3 Rc1+ 65. Kd4 Rd1+ 66. Ke5 Kc7 67. Rc3+ Kd8 68. Ra3 Rc1 69. a5 Rc7 70. a6 Ra7 71. h6 Re7+ 72. Kd4 Ra7 73.
h7 Ke7 74. h8=Q Rxa6 75. Rxa6 1-0

[Event "*** Titled Tuesday 3|2 Blitz"]
[Site "Chess.com"]
[Date "2015.12.01"]
[Round "7"]
[White "spectralsoul"]
[Black "Boryboy"]
[Result "1-0"]
[WhiteElo "2502"]
[BlackElo "2515"]
[TimeControl "180+2"]
[EndTime "12:34:15 PST"]
[Termination "spectralsoul won by checkmate"]

1. e4 e6 2. d3 d5 3. Nd2 Nf6 4. Ngf3 b5 5. e5 Nfd7 6. d4 a6 7.
a4 b4 8. Bd3 Bb7 9. O-O c5 10.
c3 c4 11. Bc2 a5 12. Re1 Nc6 13. Nf1 Qc7 14. h4 h6 15. Ng3 Be7 16. Nh5 Bf8 17.
Nh2 O-O-O 18. Qf3 Nb6 19. Ng4 Kb8 20. Ne3 b3 21. Bb1 Rd7 22. Qg4 Nd8 23. g3 Bc6 24. Nxg7 Nxa4 25. Ne8 Qa7 26. Nf6 Rc7 27. Nd1 Nb6 28. f4 a4 29. f5 Nd7 30. Ne8 Nxe5 31. Rxe5 Bxe8 32. fxe6 fxe6 33. Bf4 Bd6 34. Re2 Qb6 35.
Kh2 Rf7 36. Bxd6+ Qxd6 37. Nf2 Rhf8 38. Nh3 Bd7 39. Qg6 Rf6 40. Qh5 Rf1 41. Qxh6 a3 42.
bxa3 Nc6 43. Kg2 R1f6 44. Qe3 e5 45. dxe5 Bxh3+ 46. Kxh3 Qe6+ 47. Kg2 Rf3 48. Qxf3 Rxf3 49. Kxf3 Nxe5+ 50. Kg2 Qf6 51. Rf2 Qg7 52. Bf5 Nc6 53.
Rd1 d4 54. Be4 d3 55. Bxc6 Qxc3 56. Bd5 Qc2 57. Bf3 b2 58. h5 b1=Q 59. Rxb1+ Qxb1 60. h6 Qa1 61. h7 Qg7 62. Be4 Kc7 63. a4 Kd6 64. a5 Ke5 65. Bf5 Kd4 66. a6 c3 67.
Rf4+ Kc5 68. Bxd3 Qd7 69. Rf3 Qd4 70. Kh3 Qd7+ 71. Bf5 Qg7 72. a7 Qh6+ 73. Kg2 Qd2+ 74. Rf2 Qd5+ 75. Kh2 Qa8 76. Rc2 Kd4 77. Ra2 Ke3 78. Ra3 Kd2 79. Ra2+ Ke3 80. Rc2 Kd4 81. Re2 Qf8 82. Re4+ Kd5 83. Rf4 Ke5 84. Be4 Qh6+ 85. Kg2 c2 86. a8=Q c1=Q 87. Qd5# 1-0

[Event "*** Titled Tuesday 3|2 Blitz"]
[Site "Chess.com"]
[Date "2015.12.01"]
[Round "7"]
[White "kpio91"]
[Black "Krutoy123"]
[Result "0-1"]
[WhiteElo "2525"]
[BlackElo "2348"]
[TimeControl "180+2"]
[EndTime "12:35:06 PST"]
[Termination "Krutoy123 won by resignation"]

1. c4 Nf6 2. g3 g6 3. Bg2 Bg7 4. Nc3 O-O 5. e4 d6 6. Nge2 c5 7. O-O Nc6 8. d3 a6 9. h3 Nd7 10. Be3 Rb8 11. a4 Nd4 12. Rb1 Nxe2+ 13. Qxe2 Ne5 14.
f4 Nc6 15. Qf2 Nd4 16. f5 gxf5 17. b4 fxe4 18. Nxe4 Nf5 19. bxc5 Nxe3 20. Qxe3 dxc5 21. Kh2 Qd4 22. Qg5 Qe5 23. Qxe5 Bxe5 24. Nxc5 b6 25. Nb3 Rd8 26. Na5 Rxd3 27. Nc6 Bxg3+ 28. Kh1 Rb7 29. Nb4 Rd2 30. Bxb7 Bxb7+ 31. Nd5 Bf2 32. Kg2 Bc5+ 33. Kg3 Kf8 34. Rfd1 Rc2 35. Nxb6 Rg2+ 36. Kf4 Rf2+ 37. Kg3 Rg2+ 38. Kf4 Rf2+ 39. Kg3 Rf3+ 40. Kh2 Rf2+ 41. Kg3 Rf3+ 42. Kh2 Bc6 43. Nd7+ Bxd7 44. Rxd7 Bd6+ 45. Kg2 Rg3+ 46. Kf2 Rxh3 47. Ke2 Rc3 48. Rg1 f6 49. Rg4 a5 50. Rd8+ Kf7 51.
Rh8 Ke6 52. Rxh7 Ra3 53. Re4+ Kd7 54. Rd4 Rxa4 55. Kd3 Kc6 56. Rh8 Ra3+ 57. Kc2 Kc5 58. Re4 Kc6 59. Rc8+ Kd7 60. Rh8 Rf3 61. Rd4 Ke6 62.
Ra8 Bb4 63. Ra6+ Kf5 64. Rd5+ e5 65. c5 Rc3+ 66. Kd1 Bxc5 67. Rxa5 Bb4 68. Ra4 Bc5 69. Rh4 Be3 70. Ke2 Bf4 71. Rd3 Rc2+ 72. Kd1 Rg2 73. Rd6 Bg5 74. Ra4 Rh2 75. Rb6 e4 76. Rbb4 e3 77.
Re4 Rf2 78. Ke1 Bf4 79. Re8 Rh2 80. Rae4 Rh3 81. Ke2 Kg4 82. Rf8 Rh2+ 83. Ke1 f5 84. Re7 Kf3 85. Kd1 Rh1+ 86. Kc2 Rh5 87. Rfe8 Bh6 88. Re5 Rh2+ 89. Kd3 f4 90. Rf5 Rd2+ 91.
Kc3 Rd6 92. Re7 Kf2 93. Rh5 f3 94. Rh2+ Kg3 95. Ra2 f2 96. Rf7 Bf4 97. Rg7+ Kf3 0-1

[Event "*** Titled Tuesday 3|2 Blitz"]
[Site "Chess.com"]
[Date "2015.12.01"]
[Round "8"]
[White "Grootneus"]
[Black "RitvarsReimanis"]
[Result "0-1"]
[WhiteElo "2025"]
[BlackElo "2299"]
[TimeControl "180+2"]
[EndTime "12:36:58 PST"]
[Termination "RitvarsReimanis won by resignation"]

1. e4 e6 2. d4 d5 3. Nc3 c6 4. Nf3 f5 5. exf5 exf5 6. Bd3 Nf6 7. O-O Bd6 8. Re1+ Ne4 9. Ne5 O-O 10. f3 Qb6 11. Na4 Qxd4+ 12. Be3 Qxe5 13. fxe4 Qxh2+ 14. Kf1 fxe4+ 0-1

[Event "*** Titled Tuesday 3|2 Blitz"]
[Site "Chess.com"]
[Date "2015.12.01"]
[Round "8"]
[White "LADIESGET2KNOWME"]
[Black "chessloveyou"]
[Result "1-0"]
[WhiteElo "2242"]
[BlackElo "2138"]
[TimeControl "180+2"]
[EndTime "12:38:29 PST"]
[Termination "LADIESGET2KNOWME won by resignation"]

1. d4 f5 2. Nc3 d5 3. Bf4 Nf6 4. e3 c6 5. Nf3 e6 6. Ne5 Bb4 7. Bd3 Ne4 8. Bxe4 fxe4 9. Qh5+ g6 10. Nxg6 hxg6 11. Qxh8+ Kd7 12. Qh7+ Qe7 13. Qxg6 b6 14. O-O Ba6 15. Rfd1 c5 16. dxc5 Bxc3 17. bxc3 bxc5 18. Qxe4 Nc6 19. Qa4 Be2 20. Rd2 Bh5 21. Rb1 1-0

[Event "*** Titled Tuesday 3|2 Blitz"]
[Site "Chess.com"]
[Date "2015.12.01"]
[Round "8"]
[White "NguyenDucHoa"]
[Black "E-Shaposhnikov"]
[Result "0-1"]
[WhiteElo "2356"]
[BlackElo "2495"]
[TimeControl "180+2"]
[EndTime "12:39:11 PST"]
[Termination "E-Shaposhnikov won by resignation"]

1. e4 c5 2. Nf3 e6 3. d4 cxd4 4. Nxd4 a6 5. c4 Nf6 6. Nc3 Bb4 7. Qd3 Qc7 8. a3 Be7 9. Be2 O-O 10. O-O Nc6 11.
b3 Nxd4 12. Qxd4 Bd6 13. f4 Bc5 0-1

[Event "*** Titled Tuesday 3|2 Blitz"]
[Site "Chess.com"]
[Date "2015.12.01"]
[Round "8"]
[White "lukas_111111"]
[Black "rikyshi"]
[Result "0-1"]
[WhiteElo "2213"]
[BlackElo "2144"]
[TimeControl "180+2"]
[EndTime "12:40:48 PST"]
[Termination "rikyshi won by resignation"]

1. e4 e6 2. d4 d5 3. Nc3 Nc6 4. Nf3 Nf6 5. Bd3 Bb4 6. Bg5 h6 7. Bxf6 Qxf6 8. O-O Bxc3 9. bxc3 dxe4 10. Bxe4 O-O 11.
Rb1 Rd8 12. Qe2 a6 13. Bxc6 bxc6 14. Ne5 Rd6 15. Qe4 Qf5 16. Qxf5 exf5 17. a3 a5 18. Rfe1 Kf8 19. Nc4 Re6 20. Rxe6 Bxe6 21. Ne5 Bd5 22.
Rb7 f6 23. Nd7+ Ke7 24. Nb6 Re8 25. Rxc7+ Kd6 26. Rd7+ Ke6 27. Rxg7 Rb8 0-1

[Event "*** Titled Tuesday 3|2 Blitz"]
[Site "Chess.com"]
[Date "2015.12.01"]
[Round "8"]
[White "Canairez"]
[Black "chessdude"]
[Result "0-1"]
[WhiteElo "2223"]
[BlackElo "2280"]
[TimeControl "180+2"]
[EndTime "12:41:06 PST"]
[Termination "chessdude won by resignation"]

1. d4 Nf6 2. c4 g6 3. Nc3 d5 4. cxd5 Nxd5 5. Bd2 Bg7 6. e4 Nxc3 7. Bxc3 Nc6 8. Nf3 O-O 9. d5 Bxc3+ 10. bxc3 Na5 11. Be2 c6 12. c4 Bg4 13. Qd4 Bxf3 14. Bxf3 e5 15.
Qxe5 Nxc4 16. Qc3 cxd5 17. O-O dxe4 18. Bxe4 Nd2 19. Bxb7 Nxf1 20. Bxa8 Nxh2 21. Bc6 Ng4 22. Qg3 Qd4 23. Bf3 Qxa1+ 0-1

[Event "*** Titled Tuesday 3|2 Blitz"]
[Site "Chess.com"]
[Date "2015.12.01"]
[Round "8"]
[White "GMharikrishna"]
[Black "Zvonokchess"]
[Result "1-0"]
[WhiteElo "2572"]
[BlackElo "2536"]
[TimeControl "180+2"]
[EndTime "12:41:12 PST"]
[Termination "GMharikrishna won by resignation"]

1. e4 d5 2. exd5 Qxd5 3. Nc3 Qd6 4. d4 Nf6 5. Nf3 Bg4 6. h3 Bh5 7. g4 Bg6 8. Bg2 Nbd7 9. O-O c6 10. Qe2 e6 11.
Be3 Be7 12. Ne5 O-O 13. f4 Nb6 14. Rad1 Nbd5 15. Bc1 Rad8 16. h4 h5 17. Nxg6 fxg6 18. g5 Ng4 19. Rde1 Nxf4 20. Bxf4 Qxd4+ 21. Kh1 Rxf4 22. Qxe6+ 1-0